General information
- name: BNet
- type: Ladder 1vs1/FFA
- host: Battle.net
- saver: sprt.0
map: CentaurGrove
- players: 2
- length: 27:50
- speed: Fast
- version: 1.24 W3XP
- replay type: Public
» download(109 KB)
Players
team 1 (winner)
sprt.0 (
orange | 84 APM | 2347 actions | 27:50)
6 Dark Ranger
2 Black Arrow
3 Silence
1 Charm
4 Pandaren Brewmaster
2 Breath of Fire
2 Drunken Haze
» actions
| Assign group hotkey | 96 | |
| Basic commands | 170 | |
| Build / train | 115 | |
| ESC pressed | 6 | |
| Enter build submenu | 57 | |
| Enter hero's abilities submenu | 10 | |
| Give item / drop item | 6 | |
| Remove unit from queue | 1 | |
| Right click | 895 | |
| Select / deselect | 375 | |
| Select group hotkey | 252 | |
| Use ability | 364 | |
2347 total
» units
| Peasant | 22 | |
| Footman | 11 | |
| Knight | 4 | |
| Sorceress | 2 | |
| Priest | 1 | |
| Siege Engine | 3 | |
43 total
» upgrades
| Defend | 1 | |
| Lumber Harvesting | 2 | |
| Masonry | 3 | |
| Gunpowder | 3 | |
| Swords | 1 | |
| Plating | 3 | |
| Animal War Training | 1 | |
| Magic Sentry | 1 | |
| Long Rifles | 1 | |
| Barrage | 1 | |
| Priest Training | 1 | |
18 total
» buildings
| Barracks | 2 | |
| Farm | 11 | |
| Altar of Kings | 1 | |
| Scout Tower | 29 | |
| Lumber Mill | 1 | |
| Keep | 1 | |
| Arcane Tower | 2 | |
| Blacksmith | 1 | |
| Arcane Vault | 2 | |
| Town Hall | 2 | |
| Guard Tower | 11 | |
| Castle | 1 | |
| Arcane Sanctum | 1 | |
| Workshop | 4 | |
| Tree of Life | 2 | |
71 total
» build order
00:08 Barracks
00:35 Farm
00:44 Farm
00:52 Altar of Kings
01:31 Farm
01:32 Farm
01:50 Scout Tower
03:16 Lumber Mill
04:01 Keep
04:14 Arcane Tower
04:20 Blacksmith
04:43 Arcane Vault
05:55 Town Hall
06:02 Scout Tower
06:37 Arcane Tower
07:18 Scout Tower
07:19 Scout Tower
07:44 Scout Tower
07:48 Scout Tower
07:48 Scout Tower
08:15 Guard Tower
08:16 Scout Tower
08:21 Arcane Vault
08:25 Scout Tower
08:26 Scout Tower
08:27 Scout Tower
08:41 Scout Tower
08:42 Scout Tower
08:48 Scout Tower
08:49 Scout Tower
08:50 Scout Tower
08:52 Scout Tower
08:53 Scout Tower
08:54 Scout Tower
08:57 Guard Tower
09:14 Guard Tower
09:21 Guard Tower
09:29 Castle
09:32 Farm
09:47 Guard Tower
11:05 Guard Tower
12:55 Barracks
13:18 Arcane Sanctum
13:29 Farm
13:30 Farm
14:03 Farm
14:04 Farm
17:33 Workshop
17:36 Workshop
17:38 Workshop
17:45 Workshop
17:47 Farm
17:54 Scout Tower
17:55 Scout Tower
19:14 Guard Tower
20:16 Farm
21:19 Scout Tower
22:39 Guard Tower
23:53 Town Hall
23:56 Scout Tower
24:00 Scout Tower
24:06 Scout Tower
24:08 Scout Tower
26:10 Guard Tower
26:11 Scout Tower
26:12 Scout Tower
26:15 Guard Tower
26:18 Scout Tower
27:25 Guard Tower
27:29 Tree of Life
27:31 Tree of Life
» items
| Dust of Appearance | 1 | |
| Scroll of Regeneration | 6 | |
| Ivory Tower | 3 | |
| Potion of Healing | 7 | |
| Staff of Sanctuary | 2 | |
| Orb of Fire | 1 | |
| Scroll of Town Portal | 2 | |
| Potion of Mana | 1 | |
| Periapt of Vitality | 2 | |
| Boots of Speed | 1 | |
26 total
team 2 (loser)
Dream-Believer (
yellow | 112 APM | 3105 actions | 27:39)
5 Demon Hunter
3 Mana Burn
1 Evasion
1 Immolation
4 Beastmaster
2 Summon Bear
2 Summon Hawk
1 Warden
1 Shadow Strike
» actions
| Assign group hotkey | 60 | |
| Basic commands | 325 | |
| Build / train | 101 | |
| ESC pressed | 2 | |
| Enter build submenu | 25 | |
| Enter hero's abilities submenu | 10 | |
| Right click | 1414 | |
| Select / deselect | 687 | |
| Select group hotkey | 399 | |
| Use ability | 80 | |
3105 total
» units
| Wisp | 36 | |
| Archer | 14 | |
| Druid of the Talon | 1 | |
| Razormane Medicine Man | 1 | |
| Dryad | 18 | |
| Chimaera | 6 | |
76 total
» upgrades
| Abolish Magic | 1 | |
| Strength of the Moon | 1 | |
| Corrosive Breath | 1 | |
3 total
» buildings
| Altar of Elders | 1 | |
| Moon Well | 9 | |
| Ancient of War | 1 | |
| Tree of Ages | 2 | |
| Ancient of Wonders | 1 | |
| Hunter's Hall | 1 | |
| Ancient of Wind | 1 | |
| Ancient of Lore | 2 | |
| Tree of Life | 3 | |
| Tree of Eternity | 2 | |
| Chimaera Roost | 2 | |
25 total
» build order
00:05 Altar of Elders
00:11 Moon Well
00:28 Ancient of War
01:39 Moon Well
02:33 Moon Well
03:26 Tree of Ages
03:27 Tree of Ages
04:04 Moon Well
05:01 Ancient of Wonders
05:06 Hunter's Hall
06:01 Ancient of Wind
06:45 Moon Well
08:06 Ancient of Lore
08:36 Ancient of Lore
10:07 Tree of Life
14:04 Tree of Eternity
17:32 Moon Well
17:33 Moon Well
18:35 Chimaera Roost
19:59 Chimaera Roost
20:19 Moon Well
21:03 Moon Well
22:45 Tree of Life
23:33 Tree of Life
» items
| Boots of Speed | 1 | |
| Scroll of Healing | 1 | |
| Potion of Healing | 2 | |
4 total
Chat log
(27:36 / All) Dream-Believer: ww
(27:37 / All) Dream-Believer: gg